 Dungeon Crawl Stone Soup version 0.27-a0-890-ged2907cb04 (webtiles) character file.

Game seed: 5330087867065259882

17 Esdeath the Vexing (level 2, -1/18 HPs)
             Began as a Felid Enchanter on Apr 5, 2021.
             Slain by an adder (2 damage)
             ... on level 2 of the Dungeon.
             The game lasted 00:03:47 (1390 turns).

Esdeath the Vexing (Felid Enchanter)                Turns: 1390, Time: 00:03:48

Health: -1/18      AC:  1    Str:  4    XL:     2   Next: 44%
Magic:  4/6        EV: 17    Int: 16    God:
Gold:   88         SH:  0    Dex: 16    Spells: 2/5 levels left
                                        Lives:  0   Deaths: 0

rFire    . . .     SeeInvis +     - Unarmed
rCold    . . .     Faith    .   (shield unavailable)
rNeg     . . .     Spirit   .   (armour unavailable)
rPois    .         Reflect  .   (helmet unavailable)
rElec    .         Harm     .   (cloak unavailable)
rCorr    .         Rampage  .   (gloves unavailable)
Will     .....                  (boots unavailable)
Stlth    ..........             (no amulet)
HPRegen  0.06/turn              (no ring)
MPRegen  0.10/turn              (no ring)

@: berserking, lethally poisoned (-1 -> -3), very quick
A: very small, claws 1, fangs 3, see invisible, speed 1, shaggy fur 1, stealthy
paws, no weapons or thrown items, no armour, multi-lived
a: no special abilities


You were on level 2 of the Dungeon.
You visited 1 branch of the dungeon, and saw 2 of its levels.

You collected 88 gold pieces.

Inventory:

Scrolls
 a - 4 scrolls of identify {unknown}
 b - a scroll of teleportation {unknown}


   Skills:
 + Level 0.5 Fighting
 + Level 2.9 Dodging
 + Level 4.3 Stealth
 + Level 1.3 Unarmed Combat
 + Level 2.1 Spellcasting
 + Level 4.6 Hexes


You had 2 spell levels left.
You knew the following spells:

 Your Spells              Type           Power      Damage    Failure   Level
a - Corona                Hex            17%        N/A       3%          1
b - Ensorcelled Hibernat  Hex/Ice        18%        N/A       12%         2

Your spell library contained the following spells:

 Spells                   Type           Power      Damage    Failure   Level
 Confusing Touch          Hex            16%        N/A       10%         3
 Tukima's Dance           Hex            16%        N/A       10%         3
 Dazzling Flash           Conj/Hex       18%        N/A       24%         3


Dungeon Overview and Level Annotations

Branches:
Dungeon (2/15)

Altars:
Elyvilon

Shops:
D:2 [

Annotations:
D:2 exclusions: skeleton, worm and 1 more exclusion


Innate Abilities, Weirdness & Mutations

You have sharp claws.
You have razor-sharp teeth.
You have supernaturally acute eyesight. (SInv)
You cover ground quickly. (Speed+)
You are covered in fur. (AC +1)
Your stealthy paws help you sneak and pounce on unaware monsters.
You are incapable of wielding weapons or throwing items.
You cannot wear armour.
You gain extra lives every three experience levels.


Message History

a +0 dagger; a kobold corpse You closely miss the frilled lizard.
The frilled lizard hisses angrily.
Your bite misses the frilled lizard. The frilled lizard barely misses you.
You scratch the frilled lizard.
You kill the frilled lizard!
You open the door.
There is an open door here.
You open the door.
There is an open door here.
An adder comes into view.
There is an open door here.
Casting: Ensorcelled Hibernation (safe; 12% risk of failure)
Confirm with . or Enter, or press ? or * to list all spells.
Aiming: Ensorcelled Hibernation (safe; 12% risk of failure)
Press: ? - help, Shift-Dir - straight line, f - adder
Aim: an adder (chance to affect: 50%)
The adder looks drowsy...
There is an open door here.
The adder bites you.
You miss the adder. The adder completely misses you.
There is an open door here.
Casting: Ensorcelled Hibernation (safe; 12% risk of failure)
Confirm with . or Enter, or press ? or * to list all spells.
Aiming: Corona (safe; 3% risk of failure)
Press: ? - help, Shift-Dir - straight line, f/p - adder
Aim: an adder (chance to affect: 62%)
The adder struggles to resist.
The adder barely misses you.
You scratch the adder.
The adder is moderately wounded.
The adder bites you.
You are lethally poisoned!
The adder poisons you! The adder barely misses you.
You scratch the adder.
The adder is moderately wounded.
You feel sick. The adder closely misses you.
You miss the adder. You bite the adder.
The adder is severely wounded.
You feel sick. The adder misses you.
You scratch the adder but do no damage. Your bite misses the adder.
The adder is severely wounded.
* * * LOW HITPOINT WARNING * * *
You feel sick. The adder bites you.
* * * LOW HITPOINT WARNING * * *
It was a potion of berserk rage.
A red film seems to cover your vision as you go berserk!
You feel yourself moving faster!
You feel mighty!
* * * LOW HITPOINT WARNING * * *
You feel sick. The adder closely misses you. The adder bites you.
You die...

..(.....#.# ##.....## #.#.#.##
.#..##..#.###.......## #....#.#
.#..#...#.##.........####....####
...........'.........'...........
.#)....÷..##......÷..####...#####
........#####.......## ##..#
###.##### ##.....## #.## #.#
##...## #.# #.# ##@## #.#
#.######### #S# #.# #.#.....)†#
#.# #.#.#####.# ##.###### #.#.##
#.# #.......#
#.#..####.##..###...#
#.........###.###.#..#
###.....................
#..._...##...######...#


You could see an adder.

Vanquished Creatures
  2 ball pythons (D:2)
  2 goblins (D:2)
  3 hobgoblins (D:1)
  A quokka (D:2)
  3 bats
  4 frilled lizards
  2 kobolds (D:2)
  A rat (D:1)
18 creatures vanquished.

Notes
Turn   | Place    | Note
-------+----------+-------------------------------------------
     0 | D:1      | Esdeath the Felid Enchanter began the quest for the Orb.
     0 | D:1      | Reached XP level 1. HP: 7/7 MP: 4/4
   731 | D:2      | Reached XP level 2. HP: 12/12 MP: 6/6
   734 | D:2      | Learned a level 2 spell: Ensorcelled Hibernation
  1112 | D:2      | Found a white marble altar of Elyvilon.
  1178 | D:2      | Found Cemo Qeq's Armour Emporium.
  1390 | D:2      | Slain by an adder

Illustrated notes

Levels and vault maps discovered:
D:1:      dpeg_arrival_round_a, layout_loops_cross
D:2:      layout_loops_corners, basic_altar, serial_shops,
          nicolae_shop_waterfront, minmay_randomly_rotated_circles

Action                   || total
-------------------------++-------
Melee: Unarmed           ||    27
       Bite              ||     1
 Cast: Corona            ||     2
       Ensorcelled Hiber ||     7
  Use: Potion            ||     1
 Stab: Sleeping          ||    16
Dodge: Dodged            ||    11

Table legend: (Time is in decaauts)
 A = Elapsed time spent in this place.
 B = Non-inter-level travel time spent in this place.
 C = Inter-level travel time spent in this place.
 D = Time resting spent in this place.
 E = Time spent auto-exploring this place.
 F = Levels seen in this place.
 G = Mean time per level.
                   A        B        C        D        E       F      G
               +--------+--------+--------+--------+--------+-----+--------+
         Total |   1144 |   1119 |     25 |      0 |    834 |   2 |  572.0 |
       Dungeon |   1144 |   1119 |     25 |      0 |    834 |   2 |  572.0 |
               +--------+--------+--------+--------+--------+-----+--------+

Top non-repeatable levels by time:
     D:2: 668 daAuts
     D:1: 475 daAuts
